 Dungeon Crawl Stone Soup version 0.30-a0-422-g946f4849ff (webtiles) character file.

Game seed: 4210430549458191514

43 Pooter the Chopper (level 3, 0/33 HPs)
             Began as a Minotaur Berserker on Dec 8, 2022.
             Was a Follower of Trog.
             Killed by nerve-wracking pain
             ... invoked by Jessica
              (10 damage)
             ... on level 2 of the Dungeon.
             The game lasted 00:03:49 (1153 turns).

Pooter the Chopper (Minotaur Berserker)             Turns: 1153, Time: 00:03:50

Health: 0/33       AC:  2    Str: 23    XL:     3   Next: 37%
Magic:  2/2        EV: 12    Int:  4    God:    Trog [*.....]
Gold:   56         SH:  0    Dex:  9    Spells: 2/2 levels left

rFire   . . .      SeeInvis .    i - +0 quarterstaff
rCold   . . .      Faith    .    (shield currently unavailable)
rNeg    . . .      Spirit   .    b - +0 animal skin
rPois   .          Reflect  .    (helmet restricted)
rElec   .          Harm     .    (no cloak)
rCorr   .          Rampage  .    (no gloves)
Will    .....                    (no boots)
Stlth   +.........               (no amulet)
HPRegen 0.25/turn                (no ring)
MPRegen 0.08/turn                (no ring)

@: on berserk cooldown, slowed, very slow
A: horns 2, retaliatory headbutt
a: Renounce Religion, Berserk


You were on level 2 of the Dungeon.
You worshipped Trog.
Trog was aware of your devotion.
You visited 1 branch of the dungeon, and saw 2 of its levels.

You collected 86 gold pieces.
You spent 30 gold pieces at shops.

Inventory:

Hand Weapons
 a - a +0 hand axe
 i - a +0 quarterstaff (weapon)
   (You found it on level 1 of the Dungeon)
Missiles
 d - 3 poisoned darts (quivered)
 Q - 8 stones
Armour
 b - a +0 animal skin (worn)
Scrolls
 c - a scroll of teleportation {unknown}
 g - a scroll of fear {unknown}
 h - a scroll of summoning {unknown}
 j - a scroll of poison {unknown}
 k - a scroll of identify {unknown}
 m - a scroll of silence {unknown}
Potions
 e - a potion of ambrosia {unknown}
 f - a potion of brilliance {unknown}
 l - 2 potions of curing {@q1}


   Skills:
 + Level 4.2 Fighting
 * Level 4.9 Axes
 - Level 2.4 Armour
 - Level 2.1 Dodging


You had 2 spell levels left.
You didn't know any spells.
Your spell library was empty.

Dungeon Overview and Level Annotations

Branches:
Dungeon (2/15)

Altars:
Fedhas

Shops:
D:1 :   D:2 :!

Annotations:
D:2 Jessica


Innate Abilities, Weirdness & Mutations

You have a pair of horns on your head.
You reflexively headbutt those who attack you in melee.


Message History

You sock the adder! The adder misses you. The adder bites you.
You sock the adder!
You kill the adder!
Trog accepts your kill.
You now have enough gold to buy a potion of might on this level.
You now have 50 gold pieces (gained 15).
An endoplasm comes into view.
The endoplasm quivers.
The endoplasm hits you but does no damage.
You hit the endoplasm. The endoplasm barely misses you.
You barely miss the endoplasm.
The endoplasm hits you but does no damage.
The endoplasm barely misses you.
You sock the endoplasm!
You kill the endoplasm!
Trog accepts your kill.
You see here a ring of wizardry.
You now have 56 gold pieces (gained 6).
Found 2 orange potions.
There is a blossoming altar of Fedhas here.
Found 6 stones.
Found a lumpy blue potion.
Jessica the Apprentice Sorceress comes into view.
She is wielding a +0 club and wearing a +2 robe of willpower.
Jessica shouts!
A red film seems to cover your vision as you go berserk!
You feel yourself moving faster!
You feel mighty!
Jessica mumbles some strange words.
Jessica blinks!
You feel a strong urge to attack something.
Jessica mumbles some strange words.
Jessica seems to speed up.
You feel your anger nearly subside.
Jessica points at you and mumbles some strange words.
You feel yourself slow down.
You are no longer berserk.
You are exhausted.
You feel as though you will be slow longer.
Jessica mumbles some strange words.
Jessica blinks!
Jessica hits you but does no damage.
Jessica very coldly says, "I hate your company."
Jessica hits you with a +0 club.
You hit Jessica. Jessica hits you with a +0 club.
Jessica shouts, "You're disturbing me!
I'll have to kill you!" Jessica gestures at you while chanting.
Pain shoots through your body!
* * * LOW HITPOINT WARNING * * *
A rat comes into view.
Jessica gestures at you while chanting. Pain shoots through your body!
You die...

.# #.........##...###
.###.†...._.........#
...'.........#..!r(.#
..##.....=...#......#
..##........##.#.##.#
..############.#.# ..
..# #.#.# # ..# #.#@#
..# #.#@# ..# #.#.#
..# #.# ..# #.# ..#
#.# ### #.# #.. ###


You could see Jessica (fast) and a rat (wandering).

Vanquished Creatures
  An adder (D:2)
  A gnoll (D:1)
  A bat (D:1)
  3 endoplasms
  2 giant cockroaches
  3 goblins (D:1)
  2 hobgoblins (D:1)
  3 quokkas
  2 ball pythons (D:1)
  A frilled lizard (D:1)
  2 kobolds
  2 rats (D:1)
23 creatures vanquished.

Vanquished Creatures (others)
  3 plants (D:2)
3 creatures vanquished.

Grand Total: 26 creatures vanquished

Notes
Turn   | Place    | Note
-------+----------+-------------------------------------------
     0 | D:1      | Pooter the Minotaur Berserker began the quest for the Orb.
     0 | D:1      | Reached XP level 1. HP: 19/19 MP: 0/0
   182 | D:1      | Reached XP level 2. HP: 5/27 MP: 1/1
   282 | D:1      | Found Deblozen's Book Shoppe.
   981 | D:2      | Reached XP level 3. HP: 33/33 MP: 2/2
   982 | D:2      | Found Zynia's Book Shop.
  1078 | D:2      | Found Vut Toq's Distillery.
  1092 | D:2      | Bought a potion of curing for 30 gold pieces
  1107 | D:2      | Found a blossoming altar of Fedhas.
  1145 | D:2      | Noticed Jessica
  1153 | D:2      | Killed from afar by Jessica

Illustrated notes

Levels and vault maps discovered:
D:1:      noname_arrival_rooms_in_the_neighbourhood, layout_loops_ring,
          serial_shops, shop
D:2:      minmay_diamond_boxcup, layout_basic, basic_altar, serial_shops, shop,
          shop, shop_coins, shop, chequers_big_river, uniq_crazy_yiuf_cottage,
          uniq_jessica

Skill      XL: |  1  2 |
---------------+-------+-----
Axes           | 4 |  4.9
Fighting       | 4 |  4.2
Armour         | |  2.4
Dodging        | |  2.1

Action                   || total
-------------------------++-------
Melee: Hand axe          ||    29
       Headbutt          ||     4
       Quarterstaff      ||    25
Invok: Berserk           ||     2
 Stab: Sleeping          ||     1
Armor: Animal skin       ||     8
Dodge: Dodged            ||    36

Table legend: (Time is in decaauts)
 A = Elapsed time spent in this place.
 B = Non-inter-level travel time spent in this place.
 C = Inter-level travel time spent in this place.
 D = Time resting spent in this place.
 E = Time spent auto-exploring this place.
 F = Levels seen in this place.
 G = Mean time per level.
                   A        B        C        D        E       F      G
               +--------+--------+--------+--------+--------+-----+--------+
         Total |   1175 |   1166 |      9 |    240 |    728 |   2 |  587.5 |
       Dungeon |   1175 |   1166 |      9 |    240 |    728 |   2 |  587.5 |
               +--------+--------+--------+--------+--------+-----+--------+

Top non-repeatable levels by time:
     D:1: 996 daAuts
     D:2: 179 daAuts
